AoeStats
← Ts_Boing

Arabia

510126675Analyzed
2v2 RM · 3d ago on Sep 29, 2026· 40m 30s· 4 players
Game mode
Random Map
Map size
Medium (4 player)
Population
200
Speed
Normal
Resources
Standard
Victory
Conquest
Starting age
Dark Age
Ending age
Imperial Age
RankedLock teamsTeams togetherTeam positionsShared explorationLock speedFull tech treeHidden civsTurbo modeCheats
Victory
Defeat
🇺🇸 Lithuanians · United States
1266
+14
🇨🇴 Saracens · Colombia
1262
+14
🇪🇸 Poles · Spain
1229
-14
🇪🇸 Saracens · Spain
1228
-14
cubdie
6:55 Loom
9:19 Feudal Age
9:54 Double-Bit Axe
15:37 Fletching
18:18 Wheelbarrow
23:02 Castle Age
21:38 Padded Archer Armor
22:13 Gold Mining
23:08 Crossbowman
23:56 Thumb Ring
23:47 Bodkin Arrow
26:50 Leather Archer Armor
28:53 Ballistics
36:41 Imperial Age
36:44 Arbalester
38:41 Chemistry
38:50 Bracer
bennnnnnnnnnn
6:58 Loom
10:30 Feudal Age
11:14 Double-Bit Axe
15:03 Forging
16:08 Scale Barding Armor
16:26 Gold Mining
19:46 Bloodlines
20:55 Horse Collar
24:46 Castle Age
26:20 Chain Barding Armor
25:34 Light Cavalry
27:01 Wheelbarrow
31:04 Iron Casting
34:50 Husbandry
35:59 Stone Mining
39:08 Imperial Age
38:45 Stone Shaft Mining
39:33 Bow Saw
40:28 Plate Barding Armor
39:15 Cavalier
40:43 Hand Cart
Barnie the polip
5:04 Loom
12:12 Feudal Age
13:33 Double-Bit Axe
17:10 Fletching
18:47 Padded Archer Armor
18:31 Horse Collar
22:02 Castle Age
22:10 Crossbowman
22:32 Pikeman
25:15 Elite Skirmisher
29:29 Bodkin Arrow
Ts_Boing
8:45 Loom
11:12 Feudal Age
17:34 Double-Bit Axe
17:31 Horse Collar
26:51 Bloodlines
27:16 Town Watch
32:39 Castle Age
32:21 Wheelbarrow
33:30 Husbandry
34:23 Heavy Plow
34:22 Light Cavalry
35:34 Forging
35:30 Scale Barding Armor
37:47 Stone Mining
38:36 Squires
39:11 Bow Saw
39:37 Pikeman
Connection lost

Rejoining the realm…

Still unreachable

The connection could not be restored.

Session expired

The server has moved on; the page needs a fresh start.